 Dungeon Crawl Stone Soup version 0.30.1-4-g462c640d31 (webtiles) character file.

Game seed: 13535519516293619846

16 Peloso the Trooper (level 2, 27/27 HPs)
             Began as a Minotaur Fighter on Aug 13, 2023.
             Got out of the dungeon alive.
             The game lasted 00:04:55 (576 turns).

Peloso the Trooper (Minotaur Fighter)                Turns: 576, Time: 00:04:56

Health: 27/27      AC:  7    Str: 26    XL:     2   Next: 37%
Magic:  1/1        EV: 10    Int:  5    God:
Gold:   45         SH:  4    Dex:  9    Spells: 1/1 levels left

rFire   . . .        a - +0 long sword
rCold   . . .        c - +0 buckler
rNeg    . . .        b - +0 scale mail
rPois   .            (helmet unavailable)
rElec   .            (no cloak)
rCorr   .            (no gloves)
SInv    .            (no boots)
Will    .....        (no amulet) Stlth
                     f - +6 ring of strength
HPRegen 0.24/turn    (no ring)
MPRegen 0.07/turn

%: no passive effects
@: no status effects
A: horns 3, retaliatory headbutt, passive freeze, sturdy frame 1
a: no special abilities


You escaped.
You visited 1 branch of the dungeon, and saw 1 of its levels.

You collected 45 gold pieces.

Inventory:

Hand Weapons
 a - a +0 long sword (weapon)
Armour
 b - a +0 scale mail (worn)
 c - a +0 buckler (worn)
Jewellery
 f - a +6 ring of strength (left hand)
 j - a ring of wizardry
 o - a ring of resist corrosion
 q - a +6 ring of intelligence
Scrolls
 h - 2 scrolls of identify
 i - 2 scrolls of poison {unknown}
 k - a scroll of enchant armour {unknown}
 l - a scroll of blinking {unknown}
 m - 2 scrolls of teleportation {unknown}
 n - a scroll of magic mapping {unknown}
Potions
 d - 3 potions of might
 e - 2 potions of heal wounds
 g - a potion of haste {unknown}
 p - a potion of cancellation


   Skills:
 + Level 4.1 Fighting
 + Level 2.6 Long Blades
 + Level 3.8 Armour
 + Level 3.9 Shields


You had one spell level left.
You didn't know any spells.
Your spell library was empty.

Dungeon Overview and Level Annotations

Branches:
Dungeon (1/15)

Altars:


Innate Abilities, Weirdness & Mutations

You have a pair of large horns on your head.
You reflexively headbutt those who attack you in melee.
A frigid envelope surrounds you and freezes all who hurt you.
Your movements are slightly less encumbered by armour. (ER -2)


Message History

You now have 45 gold pieces (gained 6).
A rat comes into view.
A rat is nearby!
A rat is nearby!
A rat is nearby!
You hit the rat but do no damage. Your headbutt misses the rat.
The rat barely misses you.
You hit the rat.
The rat is heavily wounded.
The rat barely misses you.
You completely miss the rat.
The rat is heavily wounded.
The rat closely misses you. You furiously retaliate!
You headbutt the rat!
You kill the rat!
You see here a rat corpse.
You see here a rat corpse.
q - a +6 ring of intelligence You see here a rat corpse.
Found a stone staircase leading down.
There is a stone staircase leading down here.
h - 3 scrolls labelled AXKORGH XETAU (gained 1)
r - a bubbling pink potion You see here a +0 robe.
Done exploring.
Done exploring.
Done exploring.
As you read the scroll labelled AXKORGH XETAU, it crumbles to dust.
It is a scroll of identify.
e - 2 potions of heal wounds It was a potion of cancellation.
You feel magically purged.
It was a potion of mutation.
You feel extremely strange.
You feel less encumbered by your armour.
Your skin feels very cold.
The horns on your head grow some more.
Okay, then.
(D) Dungeon
Where to? (? - help)
What level of the Dungeon? (default 1, ? - help)
There is a staircase leading out of the dungeon here.
Are you sure you want to leave the Dungeon?
This will make you lose the game!
You have escaped!

..# .##
########### .#
###.........# .#
#...#####.8.# .#
#.#.#≈≈≈#...#
######.#.#≈≈≈#.#.#
.......#.#≈≈S#.#.#
#....###.#####.#.#
.....# #.......#@#
##...###.#####.#.#
###..##.#≈≈≈#.#.#
##.##.#≈≈≈#.#.#
#..#.#≈≈≈#...#
##...#####.8.#
###.........#
###########


There were no monsters in sight!

Vanquished Creatures
  A dart slug (D:1)
  A bat (D:1)
  An endoplasm (D:1)
  3 hobgoblins (D:1)
  A quokka (D:1)
  3 ball pythons (D:1)
  A frilled lizard (D:1)
  2 rats (D:1)
13 creatures vanquished.

Notes
Turn   | Place    | Note
-------+----------+-------------------------------------------
     0 | D:1      | Peloso the Minotaur Fighter began the quest for the Orb.
     0 | D:1      | Reached XP level 1. HP: 19/19 MP: 0/0
     3 | D:1      | Noticed an electric eel
     4 | D:1      | Noticed an electric eel
   217 | D:1      | Reached XP level 2. HP: 23/27 MP: 1/1
   273 | D:1      | Reached skill level 4 in Fighting
   516 | D:1      | Gained mutation: Your movements are slightly less
                  | encumbered by armour. (ER -2) [potion of mutation]
   516 | D:1      | Gained mutation: A frigid envelope surrounds you and
                  | freezes all who hurt you. [potion of mutation]
   516 | D:1      | Gained mutation: You have a pair of large horns on your
                  | head. [potion of mutation]
   576 | D:$      | Got out of the dungeon alive.

Illustrated notes

Levels and vault maps discovered:
D:1:      arrival_aquarium_b, layout_rooms

Skill      XL: |  1  2 |
---------------+-------+-----
Fighting       | 4 |  4.1
Long Blades    | |  2.6
Armour         | |  3.8
Shields        | |  3.9

Action                     || total
---------------------------++-------
  Melee: Long sword        ||    34
         Headbutt          ||     3
    Use: Potion            ||     2
         Scroll            ||     1
 Armour: Scale mail        ||    22
  Dodge: Dodged            ||    18
  Block: Buckler           ||     3
